 Dungeon Crawl Stone Soup version 0.22.1-1-ga44c0e56f4 (webtiles) character file.

23207 Cykl0x the Cleaver (level 13, -1/81 HPs)
             Began as a Gargoyle Fighter on Nov 4, 2018.
             Was the Champion of Okawaru.
             Killed from afar by a deep elf mage (33 damage)
             ... with a bolt of cold
             ... on level 13 of the Dungeon.
             The game lasted 00:38:21 (10152 turns).

Cykl0x the Cleaver (Gargoyle Fighter)              Turns: 10152, Time: 00:38:22

Health: -1/81      AC: 34    Str: 31    XL:     13   Next: 5%
Magic:  13/13      EV:  9    Int: 14    God:    Okawaru [******]
Gold:   842        SH: 13    Dex: 12    Spells: 12/12 levels left

rFire    . . .     SeeInvis +   G - +14 obsidian axe {chop, +Fly SInv *Curse} (curse)
rCold    . . .     Gourm    .   c - +0 shield
rNeg     + . .     Faith    +   H - +1 plate armour
rPois    ∞         Spirit   .   i - +0 helmet
rElec    +         Reflect  .   (no cloak)
rCorr    .         Harm     .   P - +0 pair of gloves
MR       .....                  z - +1 pair of boots "Rufoloh" {MR- Str+3 Int+5}
Stlth    ..........             n - amulet of faith
HPRegen  0.23/turn              k - +6 ring of strength
MPRegen  0.13/turn              u - +5 ring of protection

@: mesmerised, studying Invocations
A: negative energy resistance 1, electricity resistance, unbreathing,
petrification resistance, rot immunity, AC +9
a: Heroism, Finesse, Renounce Religion, Evoke Flight


You were on level 13 of the Dungeon.
You worshipped Okawaru.
Okawaru was exalted by your worship.
You were very hungry.

You visited 2 branches of the dungeon, and saw 14 of its levels.
You also visited: Bailey.

You collected 842 gold pieces.

Inventory:

Hand Weapons
 G - the cursed +14 obsidian axe (weapon) {chop, +Fly SInv *Curse}
   (You found it on level 9 of the Dungeon)

   It inflicts extra damage upon your enemies.
   It lets you see invisible.
   It lets you fly.
   It curses itself when equipped.
   It has a curse placed upon it.
 M - a +2 scimitar of flaming
Missiles
 A - 130 stones
 O - 14 tomahawks of dispersal
 Q - 5 tomahawks (quivered)
Armour
 c - a +0 shield (worn)
 i - a +0 helmet (worn)
 m - a +0 hat of intelligence
 t - a +0 chain mail
 z - the +1 pair of boots "Rufoloh" (worn) {MR- Str+3 Int+5}
   (You found it on level 7 of the Dungeon)

   It affects your strength (+3).
   It affects your intelligence (+5).
   It affects your resistance to hostile enchantments.
 H - a +1 plate armour (worn)
 J - the +2 pair of boots "Vorraecide" {Dex+2}
   (You acquired it on level 13 of the Dungeon)

   It affects your dexterity (+2).
 P - a +0 pair of gloves (worn)
Jewellery
 k - a +6 ring of strength (left hand)
 n - an amulet of faith (around neck)
 o - an uncursed ring of fire
 q - a +5 ring of dexterity
 u - a +5 ring of protection (right hand)
 E - a cursed ring of teleportation {unknown}
 F - a +2 ring of protection
Wands
 h - a wand of acid (6)
 r - a wand of disintegration (26)
 C - a wand of iceblast (7)
 D - a wand of flame (14)
Scrolls
 b - 4 scrolls of amnesia
 v - 3 scrolls of teleportation
 y - 3 scrolls of remove curse
 B - 4 scrolls of identify
 I - a scroll of enchant armour
Potions
 a - a potion of heal wounds
 d - 7 potions of might
 e - 2 potions of brilliance
 g - 4 potions of degeneration
 j - a potion of agility
 l - 3 potions of haste
 p - 2 potions of magic
 s - a potion of flight {unknown}
 w - 3 potions of curing {unknown}
 K - 3 potions of mutation {unknown}
Books
 L - a manual of Invocations
Comestibles
 f - 28 rations


   Skills:
 + Level 9.6 Fighting
 + Level 13.5 Axes
 + Level 0.1 Throwing
 + Level 8.5 Armour
 + Level 3.4 Dodging
 + Level 2.2 Stealth
 + Level 11.2 Shields


You had 12 spell levels left.
You didn't know any spells.
Your spell library contained the following spells:

 Spells                   Type           Power        Failure   Level  Hunger
 Sandblast                Erth           #.....       98%         1    ##.....
 Passwall                 Tmut/Erth      #.......     99%         2    ###....
 Bolt of Magma            Conj/Fire/Erth #.........   100%        5    ######.
 Irradiate                Conj/Tmut      #.........   100%        5    ######.
 Hydra Form               Tmut           #.........   100%        6    #######
 Iron Shot                Conj/Erth      #.........   100%        6    #######
 Dragon Form              Tmut           #.........   100%        7    #######
 Statue Form              Tmut/Erth      Unusable     N/A         6    N/A

Dungeon Overview and Level Annotations

Branches:
Dungeon (13/15)            Temple (1/1) D:6            Lair (0/6) D:8
    Orc (0/2) D:11
 Vaults: D:13-14

Altars:
Ashenzari
Cheibriados
Dithmenos
Elyvilon
Fedhas
Gozag
Hepliaklqana
Kikubaaqudgha
Makhleb
Nemelex Xobeh
Okawaru
Qazlal
Ru
Sif Muna
Trog
Uskayaw
Vehumet
Wu Jian
Xom
Yredelemnul
Zin
The Shining One

Shops:
D:8 :   D:10 [


Innate Abilities, Weirdness & Mutations

You are resistant to torment.
Your stone body is resilient. (AC +9)
You are immune to poison.
You resist negative energy. (rN+)
You are resistant to electric shocks. (rElec)
You can survive without breathing.
You are immune to petrification.
You are immune to rotting.


Message History

The deep elf mage gestures wildly while chanting.
You slice the fire elemental!!
You are no longer entranced.
You destroy the fire elemental!
Visions of slaying the orc priest flood into your mind.
An orc knight comes into view. It is wielding a great mace.
You slice the orc priest!!
You break out of your daze!
You kill the orc priest!
Okawaru accepts your kill.
Visions of slaying the deep elf mage flood into your mind.
You are feeling very hungry.
You hit the deep elf mage.
The deep elf mage is severely wounded.
The deep elf mage barely misses you.
You barely miss the deep elf mage.
The deep elf mage is severely wounded.
The deep elf mage points at you and mumbles some strange words.
The bolt of cold hits you!
You die...

.#.# . #. ##.
#..#### .#.#
#.#..#.# ##>...#
.#.# #.#..#.#
####.# .# .........
#.# .#
##.#..#.#########.#
.#
..................#
.#
......o......)#####
#.#..#e#######
....o...e@#
##.#..#§##).#
#..#.# #.# #. ##.
.# #. . # # #


You could see an orc knight, 2 deep elf magi and an orc priest.

Vanquished Creatures
  Nessos (D:13)
  A centaur warrior (D:13)
  An ogre mage (D:13)
  A two-headed ogre (D:7)
  A deep elf knight (D:13)
  2 skeletal warriors (D:13)
  Pikel (D:4)
  A wolf spider zombie (D:13)
  A deep elf mage (D:13)
  2 manticores
  A cyclops (D:8)
  An ugly thing (D:12)
  3 centaur zombies
  A gargoyle (D:8)
  3 kobold demonologists
  A hornet (D:13)
  2 trolls
  2 hippogriffs (D:9)
  2 meliai zombies (D:13)
  3 wraiths (D:13)
  A shadow (D:13)
  3 flying skulls (D:13)
  2 wyverns
  Sigmund (D:4)
  A basilisk (D:9)
  3 hungry ghosts
  2 yaks (D:11)
  Menkaure (D:4)
  A warg (D:11)
  A water moccasin (D:10)
  4 ice beasts
  A black bear (D:11)
  A hornet zombie (D:13)
  8 orc warriors
  A phantom (D:8)
  A sky beast (D:5)
  10 ogres
  8 centaurs
  A crocodile (D:13)
  4 big kobolds
  2 bullfrogs (D:10)
  3 scorpions
  19 killer bees
  12 wights
  3 howler monkeys
  An electric eel (Bailey)
  2 crimson imps
  A bullfrog zombie (D:6)
  6 jellies
  4 hounds
  5 orc priests
  The ghost of topfpfpflanze the Vexing, a weakling FeEn (D:3)
  8 bullfrog skeletons
  3 centaur skeletons
  2 iguanas
  12 orc wizards
  8 worker ants
  A killer bee zombie (D:7)
  2 hound skeletons
  A worker ant zombie (D:7)
  Robin (D:2)
  5 gnolls
  A howler monkey zombie (D:11)
  A howler monkey skeleton (D:4)
  10 adders
  2 shadow imps
  5 adder skeletons
  4 adder zombies
  A dart slug (D:1)
  4 leopard geckos
  25 orcs
  2 ball pythons
  3 giant cockroaches
  23 goblins
  13 hobgoblins
  15 jackals
  22 kobolds
  6 quokkas
  4 bats
  2 frilled lizards
  A giant cockroach zombie (D:5)
  A jackal skeleton (D:5)
  A quokka zombie (D:6)
  6 rats
340 creatures vanquished.

Vanquished Creatures (collateral kills)
  An orc knight (Bailey)
  A centaur zombie (D:13)
  4 centaur skeletons
  A kobold demonologist (Bailey)
  An efreet (D:13)
  A meliai zombie (D:13)
  A flying skull (D:13)
  A yak (D:11)
  A wraith (D:13)
  2 sky beasts
  3 orc warriors
  An ice beast (D:11)
  2 phantoms
  A crocodile (D:11)
  A big kobold (D:9)
  2 bullfrogs
  A wyvern skeleton (D:13)
  A killer bee (D:10)
  2 electric eels (Bailey)
  2 bullfrog skeletons (D:13)
  An orc wizard (D:11)
  3 gnolls (Bailey)
  5 orcs
  3 goblins (Bailey)
  A hobgoblin (D:11)
  A kobold (D:9)
44 creatures vanquished.

Vanquished Creatures (others)
  A black bear (D:4)
  A worker ant (D:4)
  An orc (D:4)
  A goblin (Bailey)
  2 quokkas (D:4)
  A plant (D:8)
7 creatures vanquished.

Grand Total: 391 creatures vanquished

Notes
Turn   | Place    | Note
-------+----------+-------------------------------------------
     0 | D:1      | Cykl0x the Gargoyle Fighter began the quest for the Orb.
     0 | D:1      | Reached XP level 1. HP: 14/14 MP: 1/1
   103 | D:1      | Reached XP level 2. HP: 18/19 MP: 2/2
   285 | D:1      | Reached skill level 2 in Axes
   662 | D:2      | Found a glowing silver altar of Zin.
   791 | D:2      | Reached XP level 3. HP: 23/23 MP: 3/3
   794 | D:2      | Noticed Robin
   821 | D:2      | Killed Robin
  1097 | D:2      | Reached XP level 4. HP: 27/29 MP: 4/4
  1270 | D:2      | Found a sparkling altar of Nemelex Xobeh.
  1619 | D:3      | Reached skill level 3 in Axes
  1622 | D:3      | Reached XP level 5. HP: 32/33 MP: 5/5
  1939 | D:3      | Found a runed gate.
  1940 | D:3      | Found a runed gate.
  1942 | D:3      | Found a runed gate.
  1943 | D:3      | Noticed topfpfpflanze's ghost (weakling FeEn)
  1970 | D:3      | Killed topfpfpflanze's ghost
  2012 | D:3      | Reached skill level 1 in Dodging
  2154 | D:4      | Reached XP level 6. HP: 37/38 MP: 6/6
  2169 | D:4      | Noticed a slave
  2170 | D:4      | Noticed a slave
  2171 | D:4      | Noticed Pikel
  2173 | D:4      | Noticed a black bear
  2173 | D:4      | Noticed a slave
  2174 | D:4      | Noticed a slave
  2197 | D:4      | Killed Pikel
  2197 | D:4      | Reached skill level 5 in Axes
  2197 | D:4      | Reached skill level 5 in Shields
  2197 | D:4      | Reached XP level 7. HP: 29/44 MP: 7/7
  2215 | D:4      | Noticed Sigmund
  2221 | D:4      | Killed Sigmund
  2221 | D:4      | Reached XP level 8. HP: 33/48 MP: 8/8
  2262 | D:4      | Noticed Menkaure
  2271 | D:4      | Killed Menkaure
  2271 | D:4      | Reached skill level 5 in Fighting
  2271 | D:4      | Reached skill level 6 in Axes
  2521 | D:4      | Found a burning altar of Makhleb.
  2527 | D:4      | Found a bloodstained altar of Trog.
  2528 | D:4      | Found a hazy altar of Hepliaklqana.
  2528 | D:4      | Found a shattered altar of Ashenzari.
  2528 | D:4      | Found a sacrificial altar of Ru.
  2811 | D:5      | Entered Level 5 of the Dungeon
  3395 | D:6      | Reached skill level 7 in Axes
  3535 | D:6      | Found a staircase to the Ecumenical Temple.
  3545 | Temple   | Entered the Ecumenical Temple
  3597 | Temple   | Became a worshipper of Warmaster Okawaru
  3708 | D:6      | Found a hide-covered altar of Uskayaw.
  3714 | D:6      | Reached skill level 5 in Armour
  3914 | D:6      | Reached XP level 9. HP: 54/54 MP: 9/9
  4086 | D:7      | Reached * piety under Okawaru
  4145 | D:7      | Identified Tigow's Almanac of Earth
  4175 | D:7      | Noticed a two-headed ogre
  4624 | D:7      | Killed a two-headed ogre
  4624 | D:7      | Reached ** piety under Okawaru
  4624 | D:7      | Reached skill level 8 in Axes
  5068 | D:7      | Got a pair of shimmering boots
  5074 | D:7      | Identified the +1 pair of boots "Rufoloh" {MR- Str+3 Int+5}
                  | (You found it on level 7 of the Dungeon)
  5147 | D:7      | Found a stormy altar of Qazlal.
  5197 | D:8      | Found a white marble altar of Elyvilon.
  5225 | D:8      | Noticed a gargoyle
  5230 | D:8      | Killed a gargoyle
  5230 | D:8      | Reached *** piety under Okawaru
  5263 | D:8      | Reached XP level 10. HP: 58/61 MP: 10/10
  5269 | D:8      | Found a staircase to the Lair.
  5369 | D:8      | Found Tasisk's Book Emporium.
  5390 | D:8      | Reached skill level 9 in Axes
  5394 | D:8      | Noticed a cyclops
  5404 | D:8      | Killed a cyclops
  5569 | D:8      | Reached **** piety under Okawaru
  5713 | D:9      | Noticed a manticore
  5717 | D:9      | Killed a manticore
  5841 | D:9      | Reached skill level 10 in Axes
  5868 | D:9      | Reached ***** piety under Okawaru
  5896 | D:9      | Found a flagged portal.
  5898 | D:9      | Found the cursed +14 obsidian axe {chop, +Fly SInv *Curse}
  5916 | Bailey   | Entered a bailey
  5961 | Bailey   | Found an iron altar of Okawaru.
  5961 | Bailey   | Noticed a kobold demonologist
  5961 | Bailey   | Noticed a kobold demonologist
  5965 | Bailey   | Killed a kobold demonologist
  5970 | Bailey   | Noticed a soul eater
  5970 | Bailey   | Killed a kobold demonologist
  5970 | Bailey   | Reached XP level 11. HP: 62/67 MP: 11/11
  5983 | Bailey   | Noticed an orc knight
  5993 | Bailey   | Killed an orc knight
  6135 | Bailey   | Received a gift from Okawaru
  6988 | D:9      | Noticed a sixfirhy
  7094 | D:10     | Entered Level 10 of the Dungeon
  7101 | D:10     | Reached skill level 11 in Axes
  7353 | D:10     | Received a gift from Okawaru
  7727 | D:10     | Found Ijob Nydgh's Antique Armour Shop.
  8411 | D:11     | Noticed a manticore
  8426 | D:11     | Killed a manticore
  8426 | D:11     | Reached skill level 1 in Stealth
  8685 | D:11     | Reached skill level 10 in Shields
  8699 | D:11     | Found a staircase to the Orcish Mines.
  9194 | D:12     | Noticed a white ugly thing
  9202 | D:12     | Killed a white ugly thing
  9202 | D:12     | Reached skill level 12 in Axes
  9320 | D:12     | Reached XP level 12. HP: 75/75 MP: 12/12
  9613 | D:13     | Received a gift from Okawaru
  9642 | D:13     | Reached ****** piety under Okawaru
  9668 | D:13     | Got a pair of warped boots
  9679 | D:13     | Identified the +2 pair of boots "Vorraecide" {Dex+2} (You
                  | acquired it on level 13 of the Dungeon)
  9749 | D:13     | Reached skill level 13 in Axes
  9794 | D:13     | Received a gift from Okawaru
  9865 | D:13     | Noticed Nessos
  9900 | D:13     | Killed Nessos
  9931 | D:13     | Noticed a centaur warrior
  9939 | D:13     | Killed a centaur warrior
 10118 | D:13     | Noticed an ogre mage
 10120 | D:13     | Killed an ogre mage
 10130 | D:13     | Noticed a deep elf knight
 10136 | D:13     | Reached XP level 13. HP: 68/80 MP: 13/13
 10152 | D:13     | Killed from afar by a deep elf mage

Skill      XL: |  1  2  3  4  5  6  7  8  9 10 11 12 |
---------------+-------------------------------------+-----
Axes           | 2 3 5 7 8 10 12 13 | 13.5
Shields        | 4 5 6 8 9 10 11 | 11.2
Armour         | 4 5 6 7 8 |  8.5
Dodging        | 1 2 3 |  3.4
Fighting       | 4 5 6 7 8 9 |  9.6
Stealth        | 1 2 |  2.2
Throwing       | |  0.1

Action                   |  1- 3 |  4- 6 |  7- 9 | 10-12 | 13-15 || total
-------------------------+-------+-------+-------+-------+-------++-------
Melee: War axe           |   126 |   114 |   204 |   142 |       ||   586
       Broad axe         |       |       |       |   302 |    16 ||   318
Throw: Stone             |       |       |       |     5 |       ||     5
 Abil: Stop Flying       |       |       |       |     1 |       ||     1
       Evoke Flight      |       |       |       |     1 |       ||     1
  Use: Scroll            |     4 |     2 |    13 |     4 |       ||    23
       Potion            |       |       |       |     3 |       ||     3
 Stab: Distracted        |       |       |       |     5 |       ||     5
  Eat: Chunk             |       |     4 |     6 |    17 |       ||    27
       Ration            |       |       |     1 |     2 |       ||     3
Armor: Scale mail        |    77 |    62 |    44 |       |       ||   183
       Chain mail        |       |       |    66 |    74 |       ||   140
       Plate armour      |       |       |       |   185 |     5 ||   190
Dodge: Dodged            |    44 |    34 |    57 |   126 |     2 ||   263
Block: Shield            |    72 |    60 |   138 |   314 |     2 ||   586
